Map: Distretto abbandonato

Players

DasBier

  • Race: Terran Terran
  • Spawn Location: 9:00

FireFreze

  • Race: Protoss Protoss
  • Spawn Location: 3:00

qisyq

  • Race: Terran Terran
  • League: Gold
  • Spawn Location: 12:00

Mars

  • Race: Zerg Zerg
  • Spawn Location: 12:00

pdk - Winner!

  • Race: Terran Terran
  • Spawn Location: 6:00

Gbr - Winner!

  • Race: Terran Terran
  • Spawn Location: 3:00

Jhyrachy - Winner!

  • Race: Zerg Zerg
  • League: Gold
  • Spawn Location: 6:00

GhostDragon - Winner!

  • Race: Terran Terran
  • League: Bronze
  • Spawn Location: 7:00

VOD

Have the link to the VOD?

Description

Time

  • Played on: May 6, 2016, 5:27 p.m.
  • Length: 34:31
Show
View Real Time Build Order
Export as new Build Order

DasBier Terran 

Build Orders:  

Get SALT Encoding   

  12  0:01  SCV  
  13  0:18  Supply Depot  
  13  0:19  SCV  
  14  0:31  SCV  
  15  0:43  Barracks  
  15  0:50  Supply Depot  
  15  0:53  Refinery, SCV  
  16  1:06  SCV  
  17  1:18  SCV  
  18  1:30  SCV  
  19  1:41  Bunker  
  19  1:45  Barracks Tech Lab, SCV  
  20  1:54  Barracks  
  20  1:57  SCV  
  21  2:06  Engineering Bay  
  21  2:09  Combat Shields  
  21  2:19  Refinery  
  21  2:20  SCV  
  22  2:27  Marine  
  23  2:36  Orbital Command  
  23  2:45  Marine  
  23  2:47  Missile Turret  
  24  3:03  Marine  
  25  3:21  Marine  
  26  3:29  Barracks Reactor  
  26  3:34  SCV  
  27  3:40  Missile Turret  
  27  3:46  SCV  
  28  3:58  Factory  
  28  4:03  Missile Turret  
  28  4:14  Marine x3  
  31  4:31  Marine x2  
  31  4:32  Marine  
  31  4:33  Missile Turret, Hi-Sec Auto Tracking  
  34  4:42  Factory Tech Lab  
  34  4:49  Marine x3  
  37  5:23  Marine x2  
  39  5:32  Marine  
  36  6:57  Siege Tank  
  36  6:58  Marine x3  
  38  7:15  Marine  
  38  7:16  Marine x2  
  38  7:33  Marine  
  38  7:34  Marine x2  
  41  8:05  Siege Tank  
  41  8:07  Marine x3  
  33  8:24  Marine  
  32  8:39  Marine  
Show
View Real Time Build Order
Export as new Build Order

FireFreze Protoss 

Build Orders: Cannon Rush 

Get SALT Encoding   

  12  0:02  Probe (Chrono Boost)  
  13  0:13  Probe (Chrono Boost)  
  14  0:23  Probe (Chrono Boost)  
  14  0:28  Pylon  
  15  0:35  Pylon  
  15  0:46  Probe (Chrono Boost)  
  16  0:57  Probe (Chrono Boost)  
  17  0:59  Gateway  
  17  1:09  Forge  
  17  1:17  Assimilator  
  17  1:20  Pylon  
  17  1:39  Probe (Chrono Boost)  
  18  1:49  Probe (Chrono Boost), Photon Cannon  
  18  1:50  Photon Cannon  
  19  1:54  Photon Cannon  
  19  2:01  Photon Cannon  
  19  2:14  Photon Cannon  
  19  2:18  Probe (Chrono Boost)  
  20  2:32  Cybernetics Core  
  20  2:36  Assimilator  
  20  2:38  Probe (Chrono Boost)  
  21  2:49  Probe (Chrono Boost)  
  22  3:13  Stargate  
  22  3:14  Stargate  
  22  3:23  Photon Cannon  
  22  4:05  Void Ray x2  
  32  4:38  Mothership Core (Chrono Boost)  
  32  4:57  Void Ray  
  36  5:00  Protoss Air Weapons Level 1  
  36  5:05  Pylon  
  36  5:06  Pylon  
  36  5:07  Pylon  
  36  5:09  Pylon  
  36  5:23  Void Ray  
  40  5:29  Nexus  
  40  5:30  Pylon  
  40  5:33  Assimilator  
  40  5:38  Assimilator  
  40  6:10  Probe (Chrono Boost)  
  41  6:12  Void Ray  
  41  6:13  Void Ray  
  41  6:16  Stargate x2  
  49  6:20  Probe (Chrono Boost)  
  50  7:11  Probe x2 (Chrono Boost)  
  52  7:22  Probe x2 (Chrono Boost)  
  54  7:32  Probe (Chrono Boost)  
  54  7:33  Probe (Chrono Boost)  
  56  7:38  Void Ray x4  
  56  7:43  Probe x2 (Chrono Boost)  
  74  7:53  Probe (Chrono Boost)  
  74  7:54  Probe (Chrono Boost)  
  76  8:04  Probe x2 (Chrono Boost)  
  78  8:15  Probe x2 (Chrono Boost)  
  72  8:51  Void Ray x3  
  72  8:52  Void Ray  
  88  8:56  Fleet Beacon  
  70  9:43  Void Ray  
  70  9:44  Void Ray  
  68  9:52  Forge  
  60  10:00  Void Ray  
  56  10:19  Gateway  
  56  10:30  Mothership Core (Chrono Boost)  
Show
View Real Time Build Order
Export as new Build Order

qisyq Terran 

Build Orders: MMM Bio 

Get SALT Encoding   

  12  0:02  SCV  
  13  0:14  SCV  
  13  0:20  Supply Depot  
  14  0:26  SCV  
  15  0:42  SCV  
  16  0:43  Barracks  
  16  0:47  Refinery  
  16  0:55  Supply Depot  
  16  0:58  SCV  
  17  1:11  SCV  
  18  1:23  SCV  
  19  1:41  Orbital Command  
  19  1:42  Marine  
  20  1:50  Engineering Bay  
  20  1:57  Barracks  
  20  1:59  Marine  
  21  2:12  SCV  
  22  2:16  Refinery  
  22  2:17  Marine  
  22  2:22  Missile Turret  
  23  2:25  SCV  
  24  2:35  Marine  
  26  2:37  SCV  
  26  2:39  Factory  
  26  2:48  Barracks Tech Lab  
  26  2:53  Barracks  
  26  2:57  Marine  
  27  3:02  SCV  
  27  3:04  Terran Infantry Weapons Level 1  
  28  3:14  SCV  
  28  3:15  Marine  
  28  3:16  Command Center  
  30  3:20  Barracks  
  30  3:22  Combat Shields  
  30  3:32  Supply Depot  
  30  3:33  Supply Depot  
  30  3:34  Supply Depot  
  30  3:36  SCV  
  31  3:43  Starport  
  31  3:47  Factory Tech Lab  
  31  3:50  Barracks Tech Lab  
  31  3:51  Barracks Reactor  
  31  3:53  SCV  
  31  3:54  Marauder  
  34  4:05  SCV  
  34  4:08  Siege Tank  
  38  4:10  Barracks Reactor  
  38  4:12  Stimpack  
  38  4:15  Marauder  
  40  4:23  Starport Reactor  
  40  4:24  Armory, SCV  
  40  4:26  Marauder  
  40  4:30  Orbital Command  
  43  4:36  Marauder, SCV  
  43  4:37  Supply Depot  
  46  4:41  Concussive Shells  
  46  4:46  Barracks  
  46  4:47  Barracks  
  46  4:48  Orbital Command  
  46  4:59  Supply Depot  
  46  5:03  Medivac x2  
  46  5:06  Terran Infantry Armor Level 1  
  50  5:10  Marauder, Marine  
  50  5:11  Marauder, Marine x3  
  58  5:14  Terran Vehicle And Ship Armor Level 1  
  58  5:28  Marine x2  
  58  5:29  Marine x2  
  58  5:33  Medivac x2  
  66  5:39  Refinery x2  
  66  5:49  Missile Turret  
  66  5:57  Barracks Reactor, Barracks Tech Lab  
  66  6:03  Viking x2  
  70  6:08  Starport  
  70  6:09  Starport  
  70  6:10  Siege Tank  
  73  6:13  Marauder x2  
  73  6:14  Marine x4  
  73  6:15  Marine  
  82  6:32  Marine x4  
  86  6:44  Supply Depot x2  
  86  6:46  Supply Depot  
  86  7:00  Terran Infantry Weapons Level 2  
  86  7:04  Missile Turret  
  86  7:05  Marine x4  
  86  7:06  Marauder x2, Marine x2  
  96  7:09  Missile Turret  
  96  7:10  Terran Vehicle Weapons Level 1  
  96  7:11  Missile Turret  
  96  7:14  Barracks Tech Lab  
  96  7:21  Missile Turret  
  96  7:23  Missile Turret  
  96  7:27  Missile Turret, Starport Reactor, Starport Tech Lab  
  96  7:36  Marine  
  96  7:37  Marine x4  
  97  7:41  Medivac  
  97  7:42  Medivac  
  105  7:50  Medivac  
  107  7:54  Marine x3  
  110  8:02  Supply Depot  
  110  8:03  Supply Depot  
  110  8:23  Siege Tank, Marine x2  
  115  8:34  Viking x2  
  115  8:36  Medivac x2  
  115  8:37  Marauder  
  115  8:38  Marine  
  126  8:43  Supply Depot  
  126  8:45  Supply Depot  
  126  8:46  Supply Depot  
  126  9:04  Terran Ship Weapons Level 1  
  126  9:05  Siege Tank, Marauder, Marine x3  
  126  9:06  Marine  
  126  9:07  Command Center, Marauder x2  
  139  9:16  Terran Infantry Armor Level 2  
  139  9:37  Marauder x3, Marine x4  
  139  9:38  Marine  
  150  9:41  Marine  
  150  9:58  Marauder, Liberator  
  150  9:59  Liberator x2  
  152  10:00  Liberator  
  152  10:01  Liberator  
  161  10:33  Orbital Command  
  159  10:58  Medivac  
  159  10:59  Medivac  
  163  11:08  Medivac x3  
  163  11:11  Marauder x3  
  175  11:12  Marine x5  
  175  11:13  Marine  
  175  11:14  Thor  
  175  11:16  Terran Vehicle Weapons Level 2  
  187  11:28  Medivac  
  187  11:32  Terran Infantry Weapons Level 3  
  189  11:37  Supply Depot  
  189  11:38  Supply Depot x2  
  189  11:40  Supply Depot  
  189  11:59  Marauder x3, Marine  
  189  12:00  Supply Depot  
  196  12:01  Supply Depot  
  196  12:03  Supply Depot  
  196  12:05  Supply Depot  
  196  12:15  Marine x2  
  196  12:16  Marine  
  199  12:26  Engineering Bay  
  199  12:52  Terran Infantry Armor Level 3  
  195  13:00  Armory  
  164  13:17  Marauder  
  164  13:18  Marauder x2, Marine  
  164  13:19  Marine x5  
  163  13:31  Terran Vehicle And Ship Armor Level 2  
  163  13:36  Marine  
  163  13:37  Marine x5  
  163  13:39  Marauder x2, Marine  
  164  13:53  Viking x2  
  164  13:54  Marine x2  
  164  13:55  Marine x4  
  166  13:57  Marine  
  166  14:00  Marauder  
  166  14:01  Marauder  
  171  14:10  Hi-Sec Auto Tracking  
  171  14:12  Marine x6  
  171  14:14  Marine  
  175  14:21  Marauder  
  175  14:22  Marauder  
  179  14:30  Marine x6  
  178  14:32  Marine  
  171  14:43  Marauder x2  
  166  14:47  Marine  
  166  14:48  Marine x2  
  166  14:50  Marine  
  160  15:04  Marauder  
  160  15:05  Marauder  
  164  15:11  Marine x4  
  154  15:26  Marauder x2  
  146  15:47  Marauder  
  93  16:08  Marauder  
  93  16:10  Orbital Command  
  51  16:29  Marine  
  26  16:47  Marine  
  26  17:05  Marine  
  26  17:23  Marine  
Show
View Real Time Build Order
Export as new Build Order

Mars Zerg 

Build Orders: Pool Only 

Get SALT Encoding   

  12  0:03  Drone  
  13  0:13  Drone  
  14  0:18  Overlord  
  14  0:39  Spawning Pool  
  14  0:40  Drone  
  14  0:44  Drone  
  14  0:48  Drone  
  16  0:57  Extractor  
  16  1:01  Drone  
  16  1:09  Drone  
  17  1:31  Queen  
  20  1:32  Drone  
  20  1:33  Drone  
  21  2:17  Extractor  
  20  3:02  Drone x2  
  22  3:06  Overlord x2  
  22  4:50  Drone  
  22  4:51  Drone  
  21  5:52  Spore Crawler  
  21  5:53  Spore Crawler  
Show
View Real Time Build Order
Export as new Build Order

pdk Terran - Winner!

Build Orders:  

Get SALT Encoding   

  12  0:25  SCV  
  13  0:37  SCV  
  14  0:45  Supply Depot  
  14  0:47  Refinery  
  14  0:49  SCV  
  15  1:07  SCV  
  16  1:13  Barracks  
  16  1:19  SCV  
  17  1:31  SCV  
  18  1:43  Command Center, SCV  
  19  1:55  SCV  
  20  2:07  SCV  
  21  2:10  Marine  
  21  2:11  Factory  
  22  2:23  Refinery  
  22  2:26  SCV  
  23  2:44  Supply Depot  
  23  2:54  Marine  
  23  2:57  Starport  
  24  3:00  Factory Tech Lab  
  24  3:12  Marine  
  25  3:26  Barracks  
  25  3:30  Marine  
  25  3:31  Widow Mine  
  28  3:50  Marine  
  28  4:00  Siege Tank  
  31  4:15  Barracks Reactor, Barracks  
  31  4:20  Barracks Reactor  
  31  4:24  Starport Reactor  
  31  4:33  Widow Mine  
  33  5:01  Widow Mine  
  33  5:03  Medivac  
  33  5:04  Medivac  
  39  5:08  SCV  
  40  5:20  SCV  
  41  5:30  Widow Mine, Marine x3  
  46  5:44  Supply Depot  
  46  5:45  Supply Depot  
  46  6:05  Widow Mine, Marine, SCV, Medivac  
  46  6:08  Supply Depot  
  52  6:17  SCV  
  53  6:28  Marine  
  53  6:29  Marine x4, SCV  
  59  6:46  Marine x2  
  59  6:47  Marine x3  
  55  7:04  Marine x4  
  55  7:05  Marine  
  60  7:22  Marine x4  
  62  7:23  Marine  
  59  7:40  Marine x4  
  59  7:43  Marine  
  64  7:57  Marine  
  64  7:58  Marine x3  
  64  8:01  Marine  
  63  8:15  Marine  
  57  8:27  Marine x3  
  57  8:28  Marine  
  57  8:33  Marine  
  58  8:45  Marine x4  
  62  8:51  Marine  
  63  8:55  Widow Mine  
  63  9:00  Medivac x2  
  69  9:03  Marine x2  
  69  9:04  Marine  
  69  9:07  Marine  
  70  9:21  Marine  
  70  9:22  Marine  
  70  9:23  Marine x2  
  68  9:24  Widow Mine  
  68  9:25  Marine  
  69  9:32  Medivac  
  69  9:39  Marine, Medivac  
  69  9:40  Marine x2  
  69  9:41  Marine  
  69  9:43  Marine  
  59  9:52  Widow Mine  
  59  9:57  Marine  
  59  9:58  Marine x3  
  65  10:01  Marine  
  65  10:02  Medivac  
  68  10:09  Medivac  
  70  10:21  Widow Mine, Marine x5  
  70  10:34  Medivac  
  70  11:47  Supply Depot  
  70  11:49  Supply Depot x2  
  70  12:08  Widow Mine, Marine x5, SCV  
  70  12:10  Medivac  
  80  12:20  SCV  
  81  12:26  Marine x5  
  86  12:33  SCV  
  87  12:40  Command Center  
  87  12:44  Marine x5  
  87  12:45  SCV  
  93  12:57  SCV  
  94  13:02  Marine x5  
  78  13:19  Marine x5  
  59  13:37  Marine x3  
  59  13:39  Marine x2  
  58  13:52  Widow Mine  
  58  13:55  Marine  
  63  13:56  Infernal Pre-Igniter  
  63  13:57  Marine x2  
  50  14:16  Engineering Bay  
  46  14:20  Widow Mine  
  42  14:45  Barracks  
  42  14:46  Barracks  
  42  14:47  Barracks  
  42  14:49  Widow Mine, Barracks x2  
  42  14:51  Barracks  
  42  14:52  Barracks x2  
  44  15:11  Viking x2  
  48  15:18  Widow Mine  
  50  15:27  Terran Infantry Armor Level 1  
  50  15:41  Viking x2  
  54  15:46  Widow Mine  
  54  16:09  Barracks Reactor x2  
  54  16:10  Barracks Reactor x4  
  54  16:11  Marine x2  
  54  16:15  Widow Mine  
  54  16:17  SCV  
  59  16:29  Marine x2  
  59  16:30  SCV  
  62  16:42  SCV  
  62  16:44  Siege Tank  
  62  16:47  Marine x2  
  62  16:54  SCV  
  62  17:05  Marine  
  62  17:21  Terran Infantry Weapons Level 1  
Show
View Real Time Build Order
Export as new Build Order

Gbr Terran - Winner!

Build Orders: Liberator Opening 

Get SALT Encoding   

  12  0:01  SCV  
  13  0:14  Supply Depot  
  13  0:18  SCV  
  14  0:30  SCV  
  15  0:39  Barracks  
  16  0:42  SCV  
  16  0:54  SCV  
  17  0:58  Refinery  
  17  1:01  Refinery  
  17  1:07  SCV  
  18  1:26  Orbital Command  
  18  1:28  Supply Depot  
  18  1:53  SCV, Factory  
  19  2:04  Engineering Bay  
  19  2:05  SCV  
  20  2:25  SCV  
  21  2:30  Command Center  
  21  2:33  Missile Turret  
  21  2:47  Starport  
  21  2:51  SCV  
  22  3:00  Missile Turret  
  22  3:05  Factory Tech Lab  
  22  3:07  SCV  
  22  3:09  Liberator  
  23  3:22  SCV  
  27  3:38  Barracks  
  27  3:43  Orbital Command  
  27  3:50  SCV  
  28  3:58  Supply Depot  
  28  4:02  Supply Depot  
  28  4:03  SCV  
  29  4:15  SCV  
  30  4:20  Supply Depot  
  30  4:24  Supply Depot  
  30  4:27  SCV  
  31  4:39  SCV, Starport Reactor  
  31  4:41  Barracks Tech Lab  
  31  4:43  Barracks Reactor  
  32  5:04  Marauder  
  34  5:23  Marine  
  34  5:24  Marine  
  34  5:25  Marauder  
  38  5:41  Marine x2  
  40  6:22  Marauder, Marine x2  
  40  6:24  Medivac x2  
  45  6:27  Combat Shields  
  45  6:31  Terran Infantry Weapons Level 1  
  45  6:39  Armory  
  45  6:40  Marine x2  
  45  6:43  SCV  
  45  6:44  Marauder  
  50  6:47  Refinery  
  50  6:50  Refinery  
  50  6:55  SCV  
  50  6:58  Marine  
  52  7:03  Barracks  
  52  7:07  Marauder, Marine  
  52  7:08  SCV  
  56  7:15  Medivac x2  
  60  7:16  Marine  
  60  7:20  SCV  
  62  7:25  Marine  
  62  7:28  Terran Vehicle And Ship Armor Level 1  
  62  7:29  Marauder  
  65  7:32  SCV  
  65  7:33  Marine  
  67  7:45  Viking x2  
  67  7:46  Stimpack  
  67  7:47  Supply Depot x2  
  71  8:02  Barracks Reactor  
  71  8:11  Supply Depot  
  71  8:12  Supply Depot  
  71  8:14  Marauder, Marine x2  
  75  8:22  Viking x2  
  75  8:25  Terran Infantry Armor Level 1  
  79  8:32  Marine x2  
  81  8:36  Marauder  
  52  8:50  Marine x2  
  52  8:52  Viking x2  
  58  8:57  Marauder  
  60  9:08  Marine x2  
  62  9:19  Marauder  
  62  9:22  Viking x2  
  66  9:24  Starport  
  62  9:40  Marauder  
  62  9:47  Concussive Shells  
  58  9:53  Viking x2  
  58  9:56  Terran Vehicle And Ship Armor Level 2  
  62  10:19  Terran Infantry Weapons Level 2  
  62  10:27  Command Center  
  60  10:48  Marauder  
  60  10:49  Marine  
  63  10:50  Marine x3  
  64  11:00  Medivac x2  
  68  11:07  Marine x4  
  68  11:10  Marauder  
  74  11:25  Marine x4  
  75  11:31  Marauder  
  80  11:42  Marine  
  80  11:43  Marine x3  
  80  11:45  Medivac x2  
  80  11:46  Medivac  
  90  11:53  Marauder  
  92  11:58  Planetary Fortress  
  92  12:00  Marine  
  92  12:01  Marine x3  
  96  12:13  Terran Vehicle And Ship Armor Level 3  
  96  12:14  Marauder  
  98  12:15  Medivac  
  98  12:18  Marine  
  98  12:19  Marine x3  
  104  12:34  Terran Infantry Armor Level 2  
  104  12:35  Marauder  
  104  12:36  Marine x4  
  110  12:57  Marauder  
  55  13:17  Marine x3  
  55  13:18  Marauder, Marine  
  58  13:26  Medivac x2  
  52  13:32  Starport Reactor  
  52  13:35  Marine x4  
  52  13:39  Marauder  
  50  13:53  Marine x4  
  54  13:56  Medivac x2  
  54  14:01  Marauder  
  46  14:10  Marine  
  46  14:11  Marine x3  
  49  14:22  Marauder  
  50  14:43  Marine x2  
  50  14:44  Marine x3  
  55  14:50  Terran Infantry Weapons Level 3  
  55  15:01  Marauder, Marine x4  
  61  15:19  Marine x4  
  65  15:23  Marauder  
  67  15:36  Marine  
  67  15:37  Marine x3  
  71  15:44  Marauder  
  73  15:54  Marine  
  73  15:55  Marine x3  
  77  16:05  Marine  
  72  16:12  Marine  
  72  16:13  Marine x3  
  76  16:23  Marauder  
  78  16:30  Marine x4  
  73  16:45  Marauder  
  73  17:06  Marauder  
Show
View Real Time Build Order
Export as new Build Order

Jhyrachy Zerg - Winner!

Build Orders: Hatch First, Swarm Host 

Get SALT Encoding   

  12  0:18  Drone  
  12  0:19  Drone  
  14  0:22  Overlord  
  14  0:40  Drone  
  15  0:43  Drone  
  16  0:56  Drone  
  17  0:59  Hatchery, Extractor  
  17  1:02  Drone  
  16  1:13  Drone  
  17  1:26  Spawning Pool  
  17  1:27  Drone  
  17  1:36  Drone  
  18  1:46  Overlord  
  19  2:01  Drone  
  19  2:14  Queen x2  
  23  2:17  Drone  
  23  2:18  Drone x2  
  27  2:30  Drone  
  27  2:34  Drone  
  27  2:35  Drone  
  29  2:43  Drone  
  30  2:48  Drone  
  31  2:58  Lair, Extractor  
  31  3:03  Extractor  
  31  3:05  Drone x3, Extractor  
  31  3:13  Drone x2  
  33  3:26  Drone  
  34  3:27  Drone x2  
  36  3:36  Overlord x2  
  36  3:48  Overlord  
  36  4:02  Drone x2, Spire  
  37  4:03  Drone  
  37  4:04  Drone x7  
  45  4:22  Queen  
  45  4:23  Overlord  
  45  4:24  Overlord  
  47  5:14  Mutalisk x10  
  47  5:15  Mutalisk  
  47  5:21  Overlord  
  69  5:22  Overlord  
  69  5:40  Drone x4  
  73  5:58  Hatchery  
  72  7:14  Overlord x4  
  72  7:18  Mutalisk  
  72  7:19  Mutalisk x12  
  98  7:47  Zerg Flyer Weapons Level 1  
  98  7:49  Drone  
  98  7:50  Drone x10  
  109  7:53  Extractor  
  109  7:55  Extractor  
  101  8:51  Drone x4  
  105  8:58  Infestation Pit  
  105  9:01  Drone  
  105  9:08  Mutalisk  
  105  9:09  Mutalisk x10  
  127  9:18  Hatchery  
  126  9:25  Overlord x3  
  126  9:26  Overlord  
  126  9:35  Hive, Pneumatized Carapace  
  126  9:42  Zerg Flyer Armor Level 1  
  124  10:27  Drone x2  
  124  10:28  Drone x17  
  143  10:31  Queen  
  143  10:57  Extractor  
  143  11:01  Extractor  
  141  11:28  Evolution Chamber  
  141  11:31  Evolution Chamber  
  139  11:35  Ultralisk Cavern  
  139  11:37  Spire  
  137  11:42  Hydralisk Den  
  137  11:46  Drone  
  137  11:55  Greater Spire  
  137  12:00  Swarm Host x2  
  167  12:04  Overlord x2  
  167  12:05  Overlord x3  
  167  12:10  Zerg Ground Armor Level 1, Zerg Melee Weapons Level 1  
  167  12:28  Chitinous Plating  
  167  12:41  Swarm Host x3  
  200  12:46  Burrow  
  200  12:53  Hatchery  
  199  13:11  Hatchery  
  183  13:48  Corruptor  
  183  13:49  Corruptor x6  
  183  13:50  Corruptor  
  199  13:56  Zerg Flyer Weapons Level 2  
  199  14:00  Zerg Flyer Armor Level 2  
  199  14:05  Zerg Ground Armor Level 2, Zerg Melee Weapons Level 2  
  199  15:11  Spine Crawler  
  199  15:13  Spore Crawler  
  193  15:14  Spine Crawler  
  193  15:15  Brood Lord  
  193  15:16  Brood Lord x4  
  193  15:17  Brood Lord  
  193  15:18  Spine Crawler  
  193  15:19  Spine Crawler x3  
  193  15:20  Brood Lord, Spine Crawler  
  193  15:21  Brood Lord, Spine Crawler x2  
  194  15:22  Spine Crawler  
  194  15:25  Spine Crawler  
  194  15:27  Spine Crawler  
  166  16:37  Extractor  
  165  16:40  Extractor  
  165  16:44  Zerg Ground Armor Level 3, Zerg Melee Weapons Level 3  
  165  16:48  Ultralisk x6  
  165  17:41  Extractor  
  165  17:42  Extractor  
  165  18:41  Pathogen Glands  
  165  19:00  Zerg Flyer Weapons Level 3  
  165  19:01  Zerg Flyer Armor Level 3  
  165  19:13  Drone x2  
  165  19:38  Neural Parasite  
  165  20:20  Zerg Missile Weapons Level 1  
  165  20:23  Metabolic Boost  
  165  21:42  Adrenal Glands  
  165  21:43  Hatchery  
  165  21:47  Extractor x2, Lurker Den  
  165  21:54  Queen  
  165  22:16  Hatchery  
  165  22:17  Zerg Missile Weapons Level 2  
  165  22:26  Extractor  
  165  22:39  Queen  
  165  22:51  Extractor  
  165  22:59  Queen  
  165  23:32  Hatchery  
  165  23:34  Hatchery  
  165  24:02  Extractor  
  165  24:04  Extractor  
  165  24:05  Queen  
  165  24:06  Extractor  
  165  24:12  Extractor  
  165  24:33  Zerg Missile Weapons Level 3  
  165  25:00  Queen  
  165  25:01  Queen  
  165  25:55  Hatchery  
  165  25:57  Hatchery  
  165  26:33  Hatchery  
  165  26:34  Extractor  
  165  26:36  Extractor  
  165  26:50  Extractor  
  165  26:51  Extractor  
  165  27:09  Hatchery  
  165  27:34  Queen  
  165  28:27  Queen  
  165  28:28  Queen  
  165  28:33  Queen  
  165  29:11  Spine Crawler  
  165  29:12  Spine Crawler  
  165  29:18  Queen  
  165  29:28  Muscular Augments  
  165  30:13  Extractor x3  
  165  30:18  Extractor  
  165  31:59  Drone x2  
Show
View Real Time Build Order
Export as new Build Order

GhostDragon Terran - Winner!

Build Orders:  

Get SALT Encoding   

  12  0:02  SCV  
  13  0:17  SCV  
  13  0:19  Supply Depot  
  14  0:29  SCV  
  15  0:41  SCV  
  16  0:53  SCV  
  16  0:54  Barracks  
  17  0:57  Engineering Bay  
  17  1:05  SCV  
  17  1:07  Refinery  
  18  1:17  SCV  
  19  1:31  Refinery  
  19  1:32  Barracks  
  19  1:41  Marine  
  19  1:43  Supply Depot  
  20  1:56  Missile Turret  
  20  1:59  Marine  
  21  2:09  SCV  
  22  2:18  Missile Turret  
  22  2:19  Barracks Tech Lab  
  22  2:22  SCV  
  23  2:24  Barracks  
  23  2:34  SCV  
  24  2:40  Barracks Reactor  
  24  2:42  Marine  
  25  2:46  SCV  
  26  2:59  Marine  
  26  3:00  Orbital Command  
  27  3:11  Barracks Tech Lab  
  27  3:12  Barracks  
  27  3:16  Concussive Shells  
  27  3:18  Marauder  
  29  3:27  SCV  
  30  3:50  Command Center  
  30  4:01  Barracks Reactor  
  30  4:05  Supply Depot  
  30  4:07  Marine  
  30  4:09  Combat Shields  
  31  4:29  Supply Depot  
  31  4:50  Marauder x2, Marine  
  31  4:51  Marine x3, Supply Depot  
  39  5:03  SCV  
  40  5:08  Marine x2  
  40  5:09  Orbital Command  
  42  5:15  SCV  
  42  5:16  Marauder  
  42  5:20  Marine  
  46  5:30  SCV  
  46  5:35  Marauder  
  49  5:39  Marine x2  
  49  5:42  SCV  
  52  5:54  Marauder, Marine, SCV  
  52  5:56  Marauder  
  58  6:17  Marauder, Marine x2  
  58  6:18  Marine x3  
  65  6:35  Marine x2  
  67  6:45  Marauder, Marine  
  70  7:03  Marine x2  
  70  7:16  Supply Depot  
  70  7:17  Supply Depot x2  
  70  7:19  Supply Depot  
  70  7:38  Marauder x2  
  70  7:41  Supply Depot  
  74  7:57  Marine x2  
  74  7:58  Marine x2  
  78  7:59  Marauder x2  
  82  8:15  Marine x2  
  82  8:16  Marine x2  
  86  8:20  Marauder x2  
  87  8:33  Marine x4  
  91  8:44  Marine x2  
  93  8:51  Marine x4  
  97  9:02  Marine x2  
  99  9:09  Marine x4  
  102  9:20  Marine x2  
  103  9:26  Marine  
  103  9:27  Marine  
  103  9:29  Marine x2  
  107  9:38  Marine x2  
  105  9:44  Marine x2  
  89  9:46  Marine x2  
  71  9:55  Marine  
  71  9:56  Marine  
  73  10:02  Marine x2  
  73  10:04  Marine x2  
  77  10:13  Marine x2  
  79  10:20  Marine x2  
  81  10:22  Marine x2  
  83  10:31  Marine x2, Barracks  
  83  10:32  Barracks  
  83  10:34  Barracks  
  85  10:38  Marine x2  
  85  10:40  Marine x2  
  89  10:49  Marine x2  
  91  10:56  Marine  
  92  11:07  Marauder x2  
  96  11:29  Marauder x2  
  100  11:39  Barracks Reactor  
  100  11:40  Barracks Reactor, Barracks Tech Lab  
  100  11:50  Marauder  
  102  12:04  Marauder  
  102  12:05  Marauder, Marine x3  
  102  12:06  Marine  
  110  12:46  Supply Depot  
  110  12:47  Supply Depot x2  
  110  12:49  Supply Depot  
  110  12:51  Supply Depot  
  110  12:53  Supply Depot  
  110  13:06  Marauder, Marine x2  
  110  13:07  Marine x2  
  110  13:08  Marauder, Marine x3  
  60  13:24  Marine  
  60  13:25  Marine x2  
  60  13:26  Marine x2  
  61  13:27  Marine  
  61  13:29  Marine  
  1  16:11  Orbital Command  
  1  16:38  SCV  
  2  16:50  SCV  
  2  17:02  SCV  
  2  17:14  SCV  
  2  17:26  SCV  
Tags
 
Add a new tag
Caveats
  • Supply blocks, unpowered buildings, or Contaminate may cause inaccurate times.
  • Supply counts are checked every 10 seconds.